Map: Синее смещение РВ

Players

ИИ 1 (знаток)

  • Race: Protoss Protoss
  • Spawn Location: 7:00

Doll - Winner!

  • Race: Zerg Zerg
  • Spawn Location: 1:00

VOD

Have the link to the VOD?

Description

Time

  • Played on: March 7, 2021, 11:56 a.m.
  • Length: 13:26
Show
View Real Time Build Order
Export as new Build Order

ИИ 1 (знаток) Protoss 

Build Orders: 1 Gate Expand 

Get SALT Encoding   

  12  0:00  Probe  
  13  0:13  Probe  
  14  0:18  Pylon  
  14  0:25  Probe  
  15  0:33  Probe  
  15  0:39  Gateway  
  15  0:41  Probe  
  17  1:07  Probe  
  17  1:10  Nexus  
  18  1:27  Pylon, Zealot  
  18  1:29  Assimilator  
  20  1:40  Cybernetics Core  
  20  1:41  Probe  
  21  1:53  Probe  
  22  2:02  Probe  
  22  2:05  Gateway  
  23  2:12  Assimilator  
  23  2:16  Stalker, Probe  
  23  2:19  Pylon  
  26  2:22  Warp Gate  
  26  2:25  Probe  
  27  2:34  Probe  
  28  2:44  Probe  
  28  2:46  Adept, Probe  
  32  2:54  Zealot  
  32  2:56  Probe  
  32  2:58  Probe  
  34  3:09  Probe  
  34  3:10  Probe  
  36  3:14  Gateway  
  36  3:17  Zealot  
  38  3:29  Stalker  
  40  3:43  Probe  
  40  3:44  Stalker  
  43  3:50  Pylon, Probe  
  43  3:55  Stargate, Probe  
  45  3:59  Sentry  
  47  4:04  Probe  
  47  4:05  Assimilator  
  47  4:07  Probe  
  49  4:12  Probe  
  50  4:18  Probe  
  50  4:19  Assimilator  
  50  4:20  Probe  
  51  4:27  Probe  
  51  4:29  Pylon  
  53  4:32  Void Ray  
  53  4:33  Forge  
  53  4:35  Probe x2  
  59  4:47  Probe  
  59  4:49  Probe  
  59  4:50  Zealot  
  63  4:57  Pylon  
  63  4:59  Probe  
  64  5:01  Probe  
  64  5:02  Zealot  
  64  5:06  Protoss Ground Weapons Level 1  
  67  5:11  Probe  
  68  5:15  Zealot, Probe  
  68  5:18  Pylon  
  71  5:23  Probe  
  71  5:25  Probe  
  71  5:27  Stalker  
  75  5:33  Probe  
  75  5:35  Probe  
  75  5:39  Stalker  
  75  5:40  Pylon  
  75  5:41  Probe  
  80  5:51  Stalker  
  80  5:53  Twilight Council  
  82  6:02  Pylon  
  82  6:03  Stalker  
  84  6:11  Blink  
  84  6:15  Sentry  
  86  6:21  Photon Cannon  
  86  6:23  Pylon  
  86  6:25  Robotics Facility  
  86  6:28  Sentry  
  88  6:33  Photon Cannon  
  88  6:36  Pylon  
  88  6:39  Pylon  
  88  6:40  Adept  
  88  6:45  Forge  
  88  6:46  Void Ray  
  94  6:55  Protoss Ground Armor Level 1  
  94  7:00  Photon Cannon  
  94  7:01  Photon Cannon  
  94  7:13  Observer  
  95  7:23  Void Ray  
  99  7:34  Observer  
  100  7:38  Stalker  
  88  7:50  Zealot  
  70  8:02  Zealot  
  64  8:15  Zealot  
  59  8:27  Zealot  
  58  8:39  Stalker, Probe  
  37  8:51  Zealot, Probe  
  36  9:00  Sentry  
  38  9:03  Probe  
  38  9:06  Gateway  
  33  9:10  Sentry, Warp Prism  
  33  9:12  Pylon  
  33  9:15  Probe  
  31  9:19  Stalker  
  31  9:21  Robotics Facility  
  28  9:25  Stalker  
  28  9:28  Probe  
  30  9:32  Pylon  
  28  9:38  Nexus  
  28  9:40  Probe  
  28  9:42  Pylon, Zealot  
  31  9:45  Robotics Bay  
  31  9:49  Stalker, Nexus  
  25  9:57  Probe  
  17  10:04  Pylon  
  17  10:06  Pylon  
  14  10:20  Pylon  
  13  10:24  Colossus  
Show
View Real Time Build Order
Export as new Build Order

Doll Zerg - Winner!

Build Orders: Hatch First 

Get SALT Encoding   

  12  0:01  Drone  
  13  0:13  Overlord  
  13  0:17  Drone  
  14  0:32  Drone x2  
  16  0:36  Drone  
  17  0:54  Hatchery  
  16  0:57  Drone  
  16  1:00  Drone  
  16  1:03  Extractor  
  17  1:18  Spawning Pool  
  16  1:19  Drone  
  16  1:23  Drone  
  18  1:29  Drone  
  19  1:39  Overlord  
  19  2:04  Zergling x2  
  19  2:05  Zergling x2, Queen x2  
  25  2:11  Extractor  
  25  2:12  Drone  
  25  2:14  Drone  
  26  2:18  Drone  
  27  2:23  Drone  
  27  2:27  Drone  
  29  2:33  Drone  
  30  2:39  Drone  
  30  2:44  Drone  
  31  2:51  Drone  
  31  2:58  Hatchery  
  31  3:02  Drone  
  31  3:03  Overlord  
  31  3:14  Drone, Roach Warren  
  31  3:19  Overlord  
  31  3:22  Drone  
  31  3:25  Drone  
  33  3:27  Drone  
  33  3:31  Drone  
  33  3:32  Drone  
  36  3:36  Drone  
  36  3:37  Drone  
  36  3:40  Drone  
  41  3:55  Roach  
  41  3:56  Roach x3  
  41  3:59  Lair  
  41  4:01  Zergling x2  
  48  4:03  Zergling x2  
  48  4:06  Overlord  
  49  4:10  Metabolic Boost  
  49  4:13  Drone  
  49  4:15  Drone  
  49  4:16  Drone  
  52  4:20  Roach  
  52  4:21  Roach  
  56  4:25  Roach  
  56  4:28  Roach  
  56  4:30  Roach  
  62  4:33  Overlord  
  62  4:35  Drone  
  62  4:37  Drone  
  64  4:41  Drone  
  64  4:44  Overlord  
  65  4:50  Ravager  
  65  4:52  Ravager  
  67  4:53  Ravager  
  67  4:54  Ravager  
  67  4:55  Roach  
  67  4:56  Roach  
  67  4:57  Overlord  
  67  4:59  Drone  
  74  5:06  Hydralisk Den, Drone  
  74  5:07  Infestation Pit, Drone  
  74  5:08  Zergling x2, Drone  
  74  5:11  Roach  
  74  5:12  Drone  
  79  5:16  Drone x2  
  79  5:17  Drone  
  79  5:20  Roach  
  84  5:26  Roach  
  84  5:27  Roach  
  88  5:32  Extractor  
  88  5:33  Drone  
  88  5:34  Drone x2, Extractor  
  88  5:35  Drone  
  90  5:37  Glial Reconstitution  
  90  5:39  Overlord  
  90  5:45  Overlord  
  90  5:47  Overlord  
  90  5:54  Baneling Nest  
  89  5:58  Drone  
  89  5:59  Drone x3  
  89  6:01  Roach x2  
  89  6:03  Drone  
  98  6:05  Ravager  
  98  6:06  Drone  
  98  6:09  Queen  
  98  6:10  Queen  
  104  6:12  Queen  
  104  6:16  Roach  
  104  6:17  Roach  
  110  6:19  Roach  
  110  6:22  Overlord  
  110  6:25  Zergling x2  
  113  6:26  Zergling x2  
  113  6:29  Overlord  
  114  6:34  Overlord  
  114  6:41  Roach x2  
  114  6:42  Roach x2  
  114  6:45  Overlord  
  122  6:48  Roach x2  
  122  6:49  Ravager  
  122  6:50  Ravager  
  122  6:52  Ravager  
  129  6:54  Drone x2  
  129  6:55  Drone x2  
  129  6:57  Drone  
Tags
 
Add a new tag
Caveats
  • Supply blocks, unpowered buildings, or Contaminate may cause inaccurate times.
  • Supply counts are checked every 10 seconds.